 Dungeon Crawl Stone Soup version 0.20.1-1-g8b1a95d (webtiles) character file.

321912 Firecrotchwizard the Executioner (level 20, -2/191 HPs)
             Began as a Minotaur Berserker on Oct 29, 2017.
             Was the Champion of Trog.
             Hit by a large rock thrown by a stone giant (28 damage)
             ... on level 1 of the Depths.
             The game lasted 02:42:19 (51908 turns).

Firecrotchwizard the Executioner (MiBe)            Turns: 51908, Time: 02:42:20

Health: -2/191     AC: 36    Str: 23    XL:     20   Next: 65%
Magic:  27/27      EV: 16    Int:  4    God:    Trog [******]
Gold:   2698       SH:  0    Dex: 15    Spells: 19/19 levels left

rFire    + . .     SeeInvis .   F - +5 battleaxe (flame)
rCold    + . .     Gourm    .   (shield currently unavailable)
rNeg     + + +     Faith    +   m - +4 plate armour {rF+}
rPois    .         Spirit   .   i - +2 hat {MR+}
rElec    .         Reflect  .   v - +2 cloak
rCorr    .         Harm     .   y - +2 pair of gloves
MR       ++...                  p - +2 pair of boots
Stlth    ..........             K - amulet of faith {Faith, !P}
Regen    0.5/turn               N - ring of protection from fire {rF+, !d}
MPRegen  0.2/turn               A - ring of Wupt {rF- rC+ rN+++ Dex-3 Slay+5}

@: no status effects
A: retaliatory headbutt, horns 2
}: 2/15 runes: decaying, gossamer
a: Berserk, Trog's Hand, Brothers in Arms, Burn Spellbooks, Renounce Religion


You were on level 1 of the Depths.
You worshipped Trog.
Trog was exalted by your worship.
You were full.

You visited 7 branches of the dungeon, and saw 36 of its levels.
You also visited: Labyrinth.

You collected 4207 gold pieces.
You spent 1509 gold pieces at shops.

Inventory:

Hand Weapons
 b - a +1 blowgun
   (You took it off a kobold on level 3 of the Dungeon)
 F - a +5 battleaxe of flaming (weapon)
   (Trog gifted it to you on level 3 of the Vaults)
 Q - a +9 antimagic executioner's axe
   (Trog gifted it to you on level 13 of the Dungeon)
 T - the +6 battleaxe of Vusch {freeze, *Noise rC+++ Str+9 Dex-2}
   (You found it on level 2 of the Spider Nest)

   It has been specially enchanted to freeze those struck by it, causing extra
   injury to most foes and up to half again as much damage against particularly
   susceptible opponents.
   It can also slow down cold-blooded creatures.
   It affects your strength (+9).
   It affects your dexterity (-2).
   It renders you almost immune to cold.
   It may make noises in combat.
Missiles
 I - 5 curare-tipped needles
Armour
 i - a +2 hat of magic resistance (worn)
   (You found it on level 2 of the Vaults)
 m - a +4 plate armour of fire resistance (worn)
   (You took it off an orc warrior on level 2 of the Orcish Mines)
 p - a +2 pair of boots (worn)
   (You found it in a labyrinth)
 v - a +2 cloak (worn)
   (You took it off Crazy Yiuf on level 3 of the Dungeon)
 y - a +2 pair of gloves (worn)
   (You bought it in a shop on level 7 of the Dungeon)
 Y - the +0 hat of Sif Muna's Regard {rCorr Str+2}
   (You bought it in a shop on level 2 of the Vaults)

   It affects your strength (+2).
   It protects you from acid and corrosion.
Jewellery
 k - an uncursed ring of fire {rF+, rC-}
   (You found it on level 5 of the Dungeon)
 l - an uncursed ring of poison resistance {rPois, !d}
   (You bought it in a shop on level 2 of the Orcish Mines)
 w - an uncursed ring of flight {+Fly, !d}
   (You found it on level 3 of the Dungeon)
 A - the ring of Wupt (right hand) {rF- rC+ rN+++ Dex-3 Slay+5}
   (You found it in a labyrinth)

   [ring of protection from cold]

   It affects your dexterity (-3).
   It affects your accuracy and damage with ranged weapons and melee attacks
   (+5).
   It makes you vulnerable to fire.
   It protects you from cold.
   It renders you almost immune to negative energy.
 K - an amulet of faith (around neck) {Faith, !P}
   (You found it on level 3 of the Lair of Beasts)
 N - a ring of protection from fire (left hand) {rF+, !d}
   (You found it on level 8 of the Dungeon)
Wands
 x - a wand of digging (15/24)
   (You found it on level 3 of the Vaults)
 D - a wand of scattershot (5/9)
   (You took it off a goblin on level 3 of the Dungeon)
 W - a wand of clouds (6/9)
   (You found it on level 6 of the Lair of Beasts)
 X - a wand of digging (15/24)
   (You found it on level 3 of the Spider Nest)
Scrolls
 d - 8 scrolls of recharging
 f - 6 scrolls of fear
 g - 12 scrolls of identify
 j - 17 scrolls of teleportation
 n - 6 scrolls of magic mapping {!r}
 q - 3 scrolls of enchant weapon
 r - 14 scrolls of remove curse
 s - 2 scrolls of holy word {!r}
 B - 10 scrolls of fog
 L - 4 scrolls of enchant armour
 U - 2 scrolls of brand weapon
 Z - 6 scrolls of blinking {!r}
Potions
 e - 4 potions of lignification {!q}
 o - 2 potions of resistance
 u - 4 potions of haste
 z - 16 potions of curing
 H - 2 potions of heal wounds
 O - 7 potions of mutation {!q}
 R - 6 potions of flight
 S - 4 potions of might
 V - 5 potions of cancellation
Miscellaneous
 a - a lamp of fire
   (You acquired it on level 11 of the Dungeon)
 t - a phial of floods
   (You found it on level 1 of the Vaults)
 C - 3 sacks of spiders
 E - a lightning rod (4/4)
   (You found it on level 6 of the Lair of Beasts)
 G - 2 phantom mirrors
 M - a box of beasts
 P - a fan of gales
   (You found it on level 9 of the Dungeon)
Comestibles
 c - 14 bread rations {@e1}
 h - a royal jelly


   Skills:
 + Level 19.5 Fighting
 * Level 25.3 Axes
 + Level 19.0 Armour
 + Level 15.6 Dodging
 + Level 10.9 Evocations


You had 19 spell levels left.
You didn't know any spells.

Dungeon Overview and Level Annotations

Branches:
Dungeon (15/15)            Temple (0/1) D:5            Lair (6/6) D:9
  Swamp (4/4) Lair:3       Spider (4/4) Lair:2        Slime (0/5) Lair:5
    Orc (2/2) D:9             Elf (0/3) Orc:2        Vaults (4/5) D:14
  Crypt (0/3) Vaults:3     Depths (1/5) D:15

Altars:
Dithmenos
Elyvilon
Fedhas
Gozag
Hepliaklqana
Makhleb
Trog
Vehumet
Zin
Jiyva

Shops:
D:5 ?   D:7 [   D:10 [((   D:12 %   Orc:2 (=[*   Vaults:1 *   Vaults:2 [
Vaults:3 (*(:*

Portals:
Hell: Depths:1
Trove: D:14 (give 3 potions of resistance)


Innate Abilities, Weirdness & Mutations

You reflexively headbutt those who attack you in melee.
You have a pair of horns on your head.


Message History

The salamander barely misses you. You furiously retaliate!
You headbutt the salamander, but do no damage.
You hit the salamander but do no damage.
You hit the salamander but do no damage.
The salamander hits you with a halberd of protection.
You are engulfed in flames.
You resist.
You take 9 damage, and have 100/191 hp.
You hit the salamander. The salamander completely misses you.
You hit the salamander but do no damage.
Your headbutt misses the salamander. You slash the salamander!
The salamander misses you. You furiously retaliate!
You headbutt the salamander! You slice the salamander!!
You kill the salamander!
Trog accepts your kill.
You see here a halberd of protection.
You see here 2 large rocks {!d}.
You start resting.
A fire dragon comes into view.
You regained 11 hp, and now have 114/191 hp.
You see here a large rock {!d}.
The fire dragon roars deafeningly!
You hear two shouts!
The fire dragon breathes flames at you. The blast of flame hits you!
You resist.
You see here 2 large rocks {!d}.
You take 8 damage, and have 107/191 hp.
The fire dragon bites you but does no damage.
The fire dragon misses you. x2
An ettin comes into view.
It is wielding a dire flail of draining and a dire flail.
You hit the fire dragon. You headbutt the fire dragon!
The fire dragon bites you but does no damage.
The fire dragon misses you. The fire dragon tramples you.
You stumble backwards!
You take 2 damage, and have 106/191 hp.
You slice the fire dragon!! You burn the fire dragon.
You headbutt the fire dragon. You slash the fire dragon!
You headbutt the fire dragon.
The fire dragon bites you but does no damage.
The fire dragon closely misses you.
The fire dragon tramples you but does no damage.
You slash the fire dragon! You burn the fire dragon.
The fire dragon bites you but does no damage.
The fire dragon closely misses you.
The fire dragon tramples you but does no damage.
You barely miss the fire dragon. Your headbutt misses the fire dragon.
You slash the fire dragon! Your headbutt misses the fire dragon.
The fire dragon breathes flames at you. The blast of flame misses you.
You open the fire dragon like a pillowcase!!!
You burn the fire dragon.
You kill the fire dragon!
Trog accepts your kill.
The fire dragon scales are intact enough to wear.
Your Armour skill increases to level 19!
Things that are here:
+0 fire dragon scales; a fire dragon corpse The ettin closely misses you.
The ettin hits you with a dire flail!
You take 14 damage, and have 94/191 hp.
You cut the ettin into ribbons!!! You burn the ettin.
The ettin hits you but does no damage. The ettin hits you with a dire flail!
You take 8 damage, and have 86/191 hp.
You slice the ettin!! You burn the ettin.
You kill the ettin!
Trog accepts your kill.
An ettin comes into view.
It is wielding an enchanted dire flail and a great mace.
The ettin shouts in stereo!
The ettin hits you with an enchanted dire flail!!
* * * LOW HITPOINT WARNING * * *
The ettin completely misses you.
You take 35 damage, and have 55/191 hp.
You slice the ettin!! You burn the ettin. The ettin closely misses you.
You furiously retaliate!
You headbutt the ettin. The ettin hits you but does no damage.
You slice the ettin like a ripe choko!!!
You burn the ettin.
You kill the ettin!
Trog accepts your kill.
You start resting.
A rakshasa comes into view. It is wielding a trident.
You regained 13 hp, and now have 70/191 hp.
The rakshasa gestures at you. The orb of energy hits you!
* * * LOW HITPOINT WARNING * * *
You take 25 damage, and have 46/191 hp.
You closely miss the rakshasa. Your headbutt misses the rakshasa.
The rakshasa gestures at you. The orb of energy hits you!
* * * LOW HITPOINT WARNING * * *
The orb of energy explodes!
You hear a shout!
You take 21 damage, and have 25/191 hp.
You slice the rakshasa!! You burn the rakshasa.
The rakshasa hits you but does no damage.
You slice the rakshasa!! You burn the rakshasa.
A stone giant comes into view.
You slice the rakshasa!! You burn the rakshasa.
You kill the rakshasa!
Trog accepts your kill.
The stone giant throws a large rock.
The large rock hits you!!
You die...

.....#..#..###....###....###..#)#
.8.8.#..#..####...###...####..#)#
.... #..)..#################....'
######....##...#.# ##...#
#.....####..#.# ##..#
#...........#.# #...
#...........#.# #.##
##.#.#........# #.#
#.#.#.......@# #.# ..#
#.#.#.....).)# #.# ..#
#.#.#........# #.# ..#
#.#.#........#. .. ..
#............C.. .#
#.#.#........#... .#
#(#.#........#...
.####(#.#............
......[....###.#......


You could see a stone giant.

Vanquished Creatures
  Mennas (Vaults:3)
  Margery (Vaults:3)
  A lich (Vaults:2)
  Asterion (Vaults:3)
  Agnes (Spider:1)
  2 storm dragons
  Kirke (Swamp:2)
  3 tengu reavers
  The ghost of zephy the Warrior, an adept VSBe of Trog (Spider:3)
  2 deep elf sorcerers (Vaults:3)
  A frost giant (Vaults:4)
  7 ghost moths
  13 vault wardens
  Aizul (Swamp:2)
  An emperor scorpion (Spider:4)
  6 very ugly things
  3 entropy weavers
  5 stone giants
  10 ironheart preservers
  A vampire knight (Vaults:3)
  A deep elf annihilator (Vaults:3)
  A spark wasp (Spider:3)
  A spark wasp (shapeshifter) (D:14)
  Snorg (D:10)
  3 ettins
  A minotaur (Lab)
  11 fire dragons
  Josephine (Lair:4)
  The ghost of Morgon the Severer, a journeyman FoFi of Zin (D:11)
  A yaktaur captain (Vaults:2)
  A great orb of eyes (Vaults:4)
  Fannar (D:11)
  10 vault guards
  3 rakshasas
  5 centaur warriors
  20 hydras
  2 ghost crabs (Swamp:4)
  A catoblepas (D:14)
  28 two-headed ogres
  A tengu warrior (D:15)
  2 deep troll shamans
  6 ogre magi
  2 death yaks (Lair:3)
  4 alligators
  A vampire mage (Depths:1)
  The ghost of antares the Grappler, a novice DrTm of Elyvilon (D:9)
  5 orc high priests (Orc:2)
  A deep elf knight (Vaults:3)
  6 spriggans
  16 hell knights
  11 skeletal warriors
  Nergalle (D:12)
  8 swamp dragons
  16 deep trolls
  A spriggan druid (Swamp:4)
  A glowing orange brain (Vaults:2)
  An unseen horror (D:13)
  3 shambling mangroves
  5 wizards
  4 harpies (Vaults:3)
  2 deep elf archers
  15 orb spiders
  5 necromancers
  15 orc knights
  19 ugly things
  5 orc sorcerers
  3 lindwurms
  42 wolf spiders
  7 cyclopes
  5 deep elf magi
  A manticore (shapeshifter) (Vaults:1)
  11 ironbrand convokers
  4 manticores
  A salamander (Depths:1)
  A moth of wrath (Spider:4)
  8 vault sentinels
  11 elephants
  3 black mambas (Lair:6)
  A naga mage (Vaults:2)
  4 gargoyles
  13 spiny frogs
  3 molten gargoyles (Lair:6)
  2 torpor snails
  3 freezing wraiths
  11 komodo dragons
  A human zombie (Vaults:3)
  A yaktaur zombie (Vaults:2)
  A rime drake (shapeshifter) (Vaults:3)
  18 yaktaurs
  2 kobold demonologists (D:15)
  4 tengu conjurers
  18 demonic crawlers
  A human skeleton (Vaults:3)
  A yaktaur skeleton (Vaults:2)
  A merfolk (D:12)
  5 trolls
  34 jumping spiders
  9 tyrant leeches
  A sphinx simulacrum (Vaults:1)
  3 bog bodies
  18 hornets
  19 slime creatures
  An ettin zombie (Vaults:2)
  Prince Ribbit (D:5)
  A wind drake (shapeshifter) (Vaults:1)
  20 blink frogs
  14 hippogriffs
  10 dream sheep (Lair:6)
  A frost giant simulacrum (Vaults:2)
  5 shadows
  A tarantella (shapeshifter) (Vaults:3)
  44 tarantellas
  7 wyverns
  11 wraiths
  A human (shapeshifter) (Vaults:3)
  83 redbacks
  4 hungry ghosts
  3 vampires
  39 yaks
  7 basilisks
  A hog (shapeshifter) (Vaults:2)
  20 humans (D:14)
  3 fire bats (Swamp:4)
  5 steam dragons
  6 hogs (Swamp:2)
  25 vampire mosquitoes
  15 swamp worms
  9 wargs
  18 insubstantial wisps
  3 acid dragons
  5 hell hounds
  13 water moccasins
  11 porcupines
  9 swamp drakes (Swamp:4)
  2 deep troll skeletons
  47 orc warriors
  8 ice beasts
  3 sky beasts
  3 ettin simulacra
  A black bear (D:10)
  An elf zombie (Vaults:2)
  A phantom (D:9)
  A necrophage (D:7)
  17 ogres
  8 wolves
  8 centaurs
  11 crocodiles
  5 big kobolds
  16 bullfrogs
  12 earth elementals
  2 wyvern skeletons
  4 scorpions
  A hornet simulacrum (Vaults:1)
  10 killer bees
  A human simulacrum (Vaults:3)
  4 wights (D:15)
  5 electric eels
  4 bullfrog zombies
  6 lava snakes
  4 crimson imps
  3 howler monkeys (D:14)
  3 centaur zombies
  3 jellies
  A quasit (D:9)
  Crazy Yiuf (D:3)
  7 hounds
  27 orc priests
  A bullfrog skeleton (D:6)
  22 orc wizards
  4 centaur skeletons
  Terence (D:2)
  3 iguanas
  5 hell rats (Lair:4)
  6 worker ants
  A hound zombie (D:8)
  2 worker ant zombies
  4 gnolls (Orc:2)
  9 adders
  5 river rats (D:6)
  7 shadow imps
  An ooze (D:3)
  An adder zombie (D:9)
  2 dart slugs
  6 leopard geckos
  107 orcs
  5 bats
  6 giant cockroaches
  10 hobgoblins
  5 jackals
  7 quokkas
  2 ball pythons
  11 frilled lizards
  10 goblins
  22 kobolds
  A quokka skeleton (D:6)
  10 rats
  3 fungi
1488 creatures vanquished.

Vanquished Creatures (collateral kills)
  Frances (Swamp:2)
  A deep elf sorcerer (Vaults:2)
  2 ghost moths (Spider:4)
  2 emperor scorpions (Spider:4)
  An entropy weaver (Spider:4)
  A stone giant (Vaults:1)
  4 spark wasps (Spider:4)
  A yaktaur captain (Vaults:2)
  A vault guard (Vaults:2)
  An ogre mage (Vaults:2)
  2 orc high priests (Orc:2)
  2 death yaks (Lair:3)
  3 hell knights (Vaults:3)
  A deep elf archer (Vaults:1)
  2 ironbrand convokers (Vaults:2)
  2 orc knights
  2 ugly things (Vaults:3)
  A deep elf mage (Vaults:2)
  A cyclops (Vaults:2)
  An elephant (Lair:6)
  A centaur zombie (D:14)
  A naga mage (Vaults:2)
  3 hornets
  A blink frog (Lair:6)
  2 dream sheep (Lair:6)
  A spriggan (Swamp:4)
  6 orc warriors
  2 orc priests
  4 orcs
53 creatures vanquished.

Vanquished Creatures (others)
  A deep elf knight (Vaults:3)
  3 swamp dragons (Swamp:4)
  A lindwurm (Swamp:4)
  A demonic crawler (Spider:4)
  A shadow (Lab)
  A steam dragon (Swamp:4)
  4 swamp drakes (Swamp:4)
  7 fungi
  7 plants
26 creatures vanquished.

Grand Total: 1567 creatures vanquished

Notes
Turn   | Place    | Note
-------+----------+-------------------------------------------
     0 | D:1      | Firecrotchwizard the Minotaur Berserker began the quest for the Orb.
     0 | D:1      | Reached XP level 1. HP: 19/19 MP: 0/0
   358 | D:1      | Reached XP level 2. HP: 19/27 MP: 1/1
   746 | D:1      | Reached skill level 4 in Axes
   951 | D:1      | Reached XP level 3. HP: 28/33 MP: 2/2
  1015 | D:2      | Reached skill level 4 in Fighting
  1210 | D:2      | Noticed Terence
  1268 | D:2      | Killed Terence
  1268 | D:2      | Reached skill level 3 in Armour
  1268 | D:2      | Reached skill level 3 in Dodging
  1333 | D:2      | Reached ** piety under Trog
  1358 | D:2      | Reached XP level 4. HP: 40/40 MP: 3/3
  2027 | D:3      | Found a white marble altar of Elyvilon.
  2071 | D:3      | HP: 9/41 [orc priest/short sword (2)]
  2073 | D:3      | HP: 2/41 [orc priest/nerve-wracking pain (8)]
  2452 | D:3      | Reached XP level 5. HP: 47/47 MP: 4/4
  2552 | D:3      | Reached skill level 5 in Axes
  2714 | D:3      | Found a radiant altar of Vehumet.
  2827 | D:3      | Reached skill level 4 in Armour
  2985 | D:3      | Reached XP level 6. HP: 32/55 MP: 5/5
  2989 | D:3      | Reached skill level 5 in Fighting
  3157 | D:3      | Found a hazy altar of Hepliaklqana.
  3486 | D:3      | Reached *** piety under Trog
  3490 | D:3      | Reached skill level 4 in Dodging
  3492 | D:3      | Reached skill level 6 in Axes
  3729 | D:3      | Found a runed door.
  3734 | D:3      | Noticed Crazy Yiuf
  3742 | D:3      | Killed Crazy Yiuf
  4414 | D:4      | Found a blossoming altar of Fedhas.
  4475 | D:4      | Reached XP level 7. HP: 61/61 MP: 6/6
  4578 | D:4      | Reached skill level 7 in Axes
  4578 | D:4      | Reached skill level 1 in Evocations
  4776 | D:5      | Entered Level 5 of the Dungeon
  4789 | D:5      | Found Kafiohog's Magic Scroll Boutique.
  4798 | D:5      | Bought a scroll of teleportation for 36 gold pieces
  4871 | D:5      | Noticed Prince Ribbit
  4887 | D:5      | Killed Prince Ribbit
  4887 | D:5      | Reached skill level 5 in Armour
  5131 | D:5      | Found a burning altar of Makhleb.
  5141 | D:5      | Reached skill level 6 in Fighting
  5366 | D:5      | Found a staircase to the Ecumenical Temple.
  5408 | D:6      | Reached skill level 8 in Axes
  5408 | D:6      | Reached skill level 2 in Evocations
  5408 | D:6      | Reached XP level 8. HP: 70/70 MP: 8/8
  5648 | D:6      | Reached **** piety under Trog
  6290 | D:6      | Reached skill level 9 in Axes
  6297 | D:6      | Reached skill level 6 in Armour
  6590 | D:6      | Reached skill level 3 in Evocations
  6842 | D:6      | Reached skill level 7 in Fighting
  7108 | D:7      | Found a bloodstained altar of Trog.
  7162 | D:7      | Found Neykax's Antique Armour Emporium.
  7169 | D:7      | Bought a pair of glowing gloves for 180 gold pieces
  7171 | D:7      | Noticed a troll
  7182 | D:7      | Killed a troll
  7182 | D:7      | Reached XP level 9. HP: 51/79 MP: 10/10
  7355 | D:7      | Reached skill level 10 in Axes
  7655 | D:7      | Found a glowing silver altar of Zin.
  8184 | D:8      | Reached skill level 7 in Armour
  8260 | D:8      | Reached ***** piety under Trog
  8347 | D:8      | Reached skill level 4 in Evocations
  8707 | D:9      | Found a staircase to the Orcish Mines.
  8715 | D:9      | Reached skill level 8 in Fighting
  8716 | D:9      | Reached skill level 11 in Axes
  8721 | D:9      | HP: 20/81 [warg (11)]
  9015 | D:9      | Found a staircase to the Lair.
  9322 | D:9      | Reached skill level 8 in Armour
  9369 | D:9      | Reached XP level 10. HP: 90/90 MP: 12/12
  9434 | D:9      | Noticed antares's ghost (novice DrTm)
  9451 | D:9      | Killed antares's ghost
  9575 | D:9      | Reached skill level 5 in Evocations
  9583 | D:9      | Found a hazy altar of Hepliaklqana.
  9910 | D:9      | Noticed a two-headed ogre
  9920 | D:9      | Killed a two-headed ogre
  9920 | D:9      | Reached skill level 9 in Fighting
  9920 | D:9      | Reached skill level 12 in Axes
 10055 | D:10     | Entered Level 10 of the Dungeon
 10055 | D:10     | Noticed Snorg
 10077 | D:10     | Killed Snorg
 10077 | D:10     | Reached skill level 9 in Armour
 10079 | D:9      | HP: 18/91 [poisoned by a kobold]
 10084 | D:9      | HP: 11/91 [poisoned by a kobold]
 10089 | D:9      | HP: 8/91 [poisoned by a kobold]
 10094 | D:9      | HP: 6/91 [poisoned by a kobold]
 10100 | D:9      | HP: 9/91 [poisoned by a kobold]
 10105 | D:9      | HP: 11/91 [poisoned by a kobold]
 10110 | D:9      | HP: 15/91 [poisoned by a kobold]
 10115 | D:9      | HP: 16/91 [poisoned by a kobold]
 10123 | D:9      | HP: 16/91 [poisoned by a kobold]
 10461 | D:10     | Found Ommued's Antique Armour Emporium.
 10498 | D:10     | Noticed a two-headed ogre
 10507 | D:10     | Killed a two-headed ogre
 10587 | D:10     | Reached skill level 13 in Axes
 10587 | D:10     | Reached skill level 6 in Evocations
 10594 | D:10     | Reached XP level 11. HP: 74/99 MP: 14/14
 10761 | D:10     | Found Visud's Weapon Emporium.
 11023 | D:10     | Found Zenuner's Weapon Emporium.
 11365 | Lair:1   | Entered Level 1 of the Lair of Beasts
 11457 | Lair:1   | Reached skill level 10 in Fighting
 11459 | Lair:1   | Received a gift from Trog
 12633 | Lair:2   | Reached skill level 10 in Armour
 12835 | Lair:2   | Found a hole to the Spider Nest.
 13312 | Lair:2   | Reached skill level 14 in Axes
 13496 | Lair:2   | Noticed a wolf spider
 13497 | Lair:2   | Noticed a wolf spider
 13509 | Lair:2   | Killed a wolf spider
 13516 | Lair:2   | HP: 20/101 [wolf spider (14)]
 13519 | Lair:2   | Killed a wolf spider
 13900 | Lair:3   | Noticed a four-headed hydra
 13913 | Lair:3   | Killed a four-headed hydra
 13913 | Lair:3   | Reached skill level 7 in Evocations
 13917 | Lair:3   | Found a staircase to the Swamp.
 14027 | Lair:3   | Noticed a four-headed hydra
 14031 | Lair:3   | Killed a four-headed hydra
 14141 | Lair:3   | Reached skill level 11 in Fighting
 14309 | Lair:3   | Reached XP level 12. HP: 96/110 MP: 16/16
 14438 | Lair:3   | Noticed a death yak
 14439 | Lair:3   | Noticed a death yak
 14457 | Lair:3   | Noticed a death yak
 14458 | Lair:3   | Killed a death yak
 14462 | Lair:3   | Noticed a death yak
 14473 | Lair:3   | Killed a death yak
 14473 | Lair:3   | Reached skill level 15 in Axes
 14477 | Lair:3   | Killed a death yak
 14477 | Lair:3   | Reached skill level 11 in Armour
 14479 | Lair:3   | Killed a death yak
 14488 | Lair:3   | HP: 27/110 [poisoned by a spiny frog]
 14494 | Lair:3   | HP: 26/110 [poisoned by a spiny frog]
 14500 | Lair:3   | HP: 25/110 [poisoned by a spiny frog]
 14508 | Lair:3   | HP: 26/110 [poisoned by a spiny frog]
 15188 | Lair:4   | Found a labyrinth entrance.
 15197 | Lab      | Entered a labyrinth
 15789 | Lab      | Noticed a minotaur
 15797 | Lab      | Killed a minotaur
 15798 | Lab      | Identified the Disquisition on Unstable Ice
 15799 | Lab      | Got a steaming golden ring
 15814 | Lab      | Got a slimy silver ring
 15823 | Lair:4   | Identified the ring of Wupt {rF- rC+ rN+++ Dex-3 Slay+5} (You found it in a labyrinth)
 15825 | Lair:4   | Identified the ring "Gidyrei" {-Tele rElec rC+ MP+9 SInv} (You found it in a labyrinth)
 15871 | Lair:4   | Reached skill level 8 in Evocations
 15873 | Lair:4   | Received a gift from Trog
 15891 | Lair:4   | Noticed Josephine
 15900 | Lair:4   | Killed Josephine
 15911 | Lair:4   | Reached skill level 16 in Axes
 16258 | Lair:4   | Reached skill level 12 in Fighting
 16900 | Lair:5   | Reached XP level 13. HP: 109/118 MP: 18/18
 16952 | Lair:5   | Reached skill level 12 in Armour
 16986 | Lair:5   | Reached skill level 5 in Dodging
 17511 | Lair:5   | Found a viscous altar of Jiyva.
 17511 | Lair:5   | Found a staircase to the Slime Pits.
 17530 | Lair:6   | Entered Level 6 of the Lair of Beasts
 17845 | Lair:6   | Received a gift from Trog
 17856 | Lair:6   | Reached skill level 17 in Axes
 18187 | Lair:6   | Reached skill level 13 in Fighting
 18190 | Lair:6   | Reached skill level 6 in Dodging
 18243 | Lair:6   | Found a large runed door.
 18245 | Lair:6   | Found a large runed door.
 18245 | Lair:6   | Noticed a fire dragon
 19316 | Lair:6   | Reached skill level 7 in Dodging
 19602 | Lair:6   | Killed a fire dragon
 19602 | Lair:6   | Reached XP level 14. HP: 49/129 MP: 19/19
 20067 | D:11     | Received a gift from Trog
 20071 | D:11     | Reached skill level 13 in Armour
 20149 | D:11     | Noticed Morgon's ghost (journeyman FoFi)
 20162 | D:11     | Killed Morgon's ghost
 20296 | D:11     | Reached skill level 18 in Axes
 20597 | D:11     | Identified a scroll of acquirement
 20702 | D:11     | Noticed Fannar
 20712 | D:11     | Killed Fannar
 21127 | D:12     | Found a shadowy altar of Dithmenos.
 21596 | D:12     | Found Fedueton's Food Shop.
 21616 | D:12     | Noticed Nergalle
 21625 | D:12     | Killed Nergalle
 21951 | D:13     | Got a brightly glowing leather armour
 22043 | D:13     | Reached skill level 8 in Dodging
 22257 | D:13     | Received a gift from Trog
 22492 | D:13     | Reached skill level 14 in Fighting
 23735 | D:14     | Found a portal to a secret trove of treasure.
 23940 | D:14     | Reached skill level 19 in Axes
 24005 | D:14     | Reached skill level 9 in Dodging
 24113 | D:14     | Reached skill level 14 in Armour
 24250 | D:14     | Found a gate to the Vaults.
 24383 | D:14     | Received a gift from Trog
 24457 | D:14     | Reached XP level 15. HP: 139/139 MP: 20/20
 24634 | D:15     | Entered Level 15 of the Dungeon
 24803 | D:15     | Reached ****** piety under Trog
 25157 | D:15     | Received a gift from Trog
 25163 | D:15     | Got a faintly glowing rapier {god gift}
 25252 | D:15     | Found an opulent altar of Gozag.
 26165 | D:15     | Found a staircase to the Depths.
 26169 | D:15     | Reached skill level 15 in Fighting
 26471 | Orc:1    | Entered Level 1 of the Orcish Mines
 26486 | Orc:1    | HP: 29/141 [orc warrior/mace[an orc knight] (23)]
 26497 | Orc:1    | HP: 32/141 [orc warrior/tomahawk (1)]
 26766 | Orc:1    | HP: 32/141 [orc knight/war axe of electrocution (14)]
 26768 | Orc:1    | Reached skill level 20 in Axes
 27145 | Orc:1    | Reached skill level 10 in Dodging
 27201 | Orc:1    | Paralysed by an orc sorcerer for 4 turns
 27206 | Orc:1    | Received a gift from Trog
 27439 | Orc:2    | Entered Level 2 of the Orcish Mines
 27791 | Orc:2    | Found a staircase to the Elven Halls.
 28723 | Orc:2    | Received a gift from Trog
 28744 | Orc:2    | HP: 34/141 [orc knight/enchanted great mace (39)]
 29393 | Orc:2    | Found Covupsuo's Antique Weapon Boutique.
 29393 | Orc:2    | Found Qiros's Jewellery Boutique.
 29394 | Orc:2    | Found Kyth's Armour Shop.
 29394 | Orc:2    | Found Wiehabre's Assorted Antiques.
 29578 | Orc:2    | Received a gift from Trog
 29583 | Orc:2    | Got a faintly glowing war axe {god gift}
 29584 | Orc:2    | Identified the +3 war axe of Cataclysm {protect, +Blink} (Trog gifted it to you on level 2 of the Orcish Mines)
 29827 | Orc:2    | Bought an uncursed ring of poison resistance for 260 gold pieces
 29969 | Swamp:1  | Entered Level 1 of the Swamp
 30688 | Swamp:2  | Noticed Frances
 30693 | Swamp:2  | Reached XP level 16. HP: 142/149 MP: 6/21
 30698 | Swamp:2  | Killed Frances
 30701 | Swamp:2  | Reached skill level 15 in Armour
 30903 | Swamp:2  | Paralysed by a wizard for 3 turns
 31242 | Swamp:2  | Received a gift from Trog
 31405 | Swamp:2  | Noticed Kirke
 31421 | Swamp:2  | Killed Kirke
 31532 | Swamp:2  | Reached skill level 16 in Fighting
 31532 | Swamp:2  | Reached skill level 21 in Axes
 31532 | Swamp:2  | Reached skill level 11 in Dodging
 31607 | Swamp:2  | Noticed Aizul
 31618 | Swamp:2  | Killed Aizul
 32554 | Swamp:4  | Entered Level 4 of the Swamp
 32560 | Swamp:4  | Got a distressingly furry robe
 32573 | Swamp:4  | Found a bloodstained altar of Trog.
 33130 | Swamp:4  | HP: 22/152 [spriggan rider/spear (17)]
 33773 | Swamp:4  | Received a gift from Trog
 34406 | Swamp:4  | Got a decaying rune of Zot
 34773 | Spider:1 | Entered Level 1 of the Spider Nest
 34874 | Spider:1 | Reached skill level 12 in Dodging
 35159 | Spider:1 | Noticed Agnes
 35166 | Spider:1 | Killed Agnes
 35166 | Spider:1 | Reached XP level 17. HP: 152/160 MP: 4/22
 35454 | Spider:1 | Reached skill level 16 in Armour
 35920 | Spider:1 | Received a gift from Trog
 36222 | Spider:1 | Reached skill level 22 in Axes
 36536 | Spider:2 | Received a gift from Trog
 37339 | Spider:2 | Reached skill level 17 in Fighting
 37969 | Spider:2 | Identified the +6 battleaxe of Vusch {freeze, *Noise rC+++ Str+9 Dex-2} (You found it on level 2 of the Spider Nest)
 38265 | Spider:3 | Received a gift from Trog
 39066 | Spider:3 | Noticed zephy's ghost (adept VSBe)
 39098 | Spider:3 | Killed zephy's ghost
 39294 | Spider:4 | Entered Level 4 of the Spider Nest
 39860 | Spider:4 | Reached skill level 13 in Dodging
 39868 | Spider:4 | Received a gift from Trog
 40569 | Spider:4 | Reached XP level 18. HP: 105/170 MP: 7/23
 40752 | Spider:4 | Reached skill level 23 in Axes
 41012 | Spider:4 | Received a gift from Trog
 41408 | Spider:4 | Reached skill level 17 in Armour
 41586 | Spider:4 | Got a gossamer rune of Zot
 42586 | Vaults:1 | Entered Level 1 of the Vaults
 42658 | Vaults:1 | Found Silen's Assorted Antiques.
 42676 | Vaults:1 | Bought a potion of curing for 111 gold pieces
 42736 | Vaults:1 | Received a gift from Trog
 43457 | Vaults:1 | Reached skill level 18 in Fighting
 44117 | Vaults:1 | Received a gift from Trog
 44536 | Vaults:1 | Reached skill level 14 in Dodging
 44626 | Vaults:2 | HP: 17/172 [cyclops (35)]
 44640 | Vaults:2 | HP: 42/172 [ironbrand convoker/morningstar (4)]
 45006 | Vaults:2 | Found Okhlajupt's Armour Shop.
 45016 | Vaults:2 | Reached skill level 9 in Evocations
 45026 | Vaults:2 | Bought the +0 hat of Sif Muna's Regard {rCorr Str+2} for 416 gold pieces
 45341 | Vaults:2 | Found a radiant altar of Vehumet.
 45341 | Vaults:2 | Noticed a lich
 45348 | Vaults:2 | Killed a lich
 45348 | Vaults:2 | Reached XP level 19. HP: 176/179 MP: 8/24
 45357 | Vaults:2 | Identified the +4 hat of Orthodoxy {+Fly rF- rC- Dex+10} (You found it on level 2 of the Vaults)
 45403 | Vaults:2 | Received a gift from Trog
 45421 | Vaults:2 | Reached skill level 24 in Axes
 46569 | Vaults:3 | Found Wopuo's General Store.
 46643 | Vaults:3 | Reached skill level 18 in Armour
 46649 | Vaults:3 | Received a gift from Trog
 46909 | Vaults:3 | Found Owko's Antique Weapon Boutique.
 46909 | Vaults:3 | Found Teaclur's Book Shoppe.
 47224 | Vaults:3 | Noticed Mennas
 47243 | Vaults:3 | HP: 42/181 [Mennas/eudemon blade of holy wrath (11)]
 47246 | Vaults:3 | HP: 8/181 [Mennas/eudemon blade of holy wrath (24)]
 47247 | Vaults:3 | Killed Mennas
 47626 | Vaults:3 | Found Depric's General Store.
 47673 | Vaults:3 | Noticed Margery
 47695 | Vaults:3 | Killed Margery
 47838 | Vaults:3 | Bought 2 potions of curing for 132 gold pieces
 47838 | Vaults:3 | Bought a scroll of recharging for 209 gold pieces
 47838 | Vaults:3 | Bought a scroll of teleportation for 66 gold pieces
 47838 | Vaults:3 | Bought a +0 pair of gloves for 99 gold pieces
 47928 | Vaults:3 | Found Qiofiuco's Antique Weapon Boutique.
 47979 | Vaults:3 | Received a gift from Trog
 47981 | Vaults:3 | Reached skill level 10 in Evocations
 48079 | Vaults:3 | Reached skill level 19 in Fighting
 48416 | Vaults:3 | Noticed Asterion
 48431 | Vaults:3 | Killed Asterion
 48431 | Vaults:3 | Reached skill level 15 in Dodging
 48458 | Vaults:3 | Received a gift from Trog
 48737 | Vaults:3 | Reached XP level 20. HP: 183/191 MP: 26/26
 49015 | Vaults:3 | Found a staircase to the Crypt.
 49791 | Vaults:4 | Received a gift from Trog
 49815 | Vaults:4 | Reached skill level 25 in Axes
 49881 | Vaults:4 | HP: 35/191 [vault warden/war axe (21)]
 51158 | Depths:1 | Entered Level 1 of the Depths
 51186 | Depths:1 | Received a gift from Trog
 51764 | Depths:1 | Found a gateway to Hell.
 51850 | Depths:1 | Reached skill level 19 in Armour
 51904 | Depths:1 | HP: 46/191 [rakshasa/orb of energy (25)]
 51908 | Depths:1 | Hit by a large rock thrown by a stone giant

Skill      XL: |  1  2  3  4  5  6  7  8  9 10 11 12 13 14 15 16 17 18 19 20 |
---------------+-------------------------------------------------------------+-----
Axes           | 4 5 6 8 9 11 13 14 16 17 19 20 21 22 23 24 25 | 25.3
Fighting       | 4 5 6 7 8 9 11 12 13 14 15 16 17 18 19 | 19.5
Armour         | 3 4 5 6 8 9 10 11 12 14 15 16 17 18 19 | 19.0
Dodging        | 3 4 7 9 10 12 13 14 15 | 15.6
Evocations     | 2 3 4 6 7 8 9 10 | 10.9

Action                   |  1- 3 |  4- 6 |  7- 9 | 10-12 | 13-15 | 16-18 | 19-21 || total
-------------------------+-------+-------+-------+-------+-------+-------+-------++-------
Melee: Hand axe          |    86 |   232 |   142 |       |       |       |       ||   460
       Headbutt          |    11 |    31 |    60 |    87 |   215 |   253 |   156 ||   813
       War axe           |       |       |   147 |   405 |   265 |       |       ||   817
       Battleaxe         |       |       |       |       |   547 |    70 |   280 ||   897
       Executioner's axe |       |       |       |       |   188 |  1082 |   343 ||  1613
 Fire: Hunting sling     |     3 |     3 |     9 |     7 |       |       |       ||    22
       Blowgun           |       |       |       |     6 |     9 |       |       ||    15
Throw: Javelin           |       |       |       |     8 |       |    67 |       ||    75
Invok: Trog's Hand       |       |     1 |     2 |     4 |     6 |     6 |     5 ||    24
       Burn Spellbooks   |       |     1 |       |     3 |     2 |     3 |     1 ||    10
       Berserk           |       |       |     1 |     1 |       |       |       ||     2
       Brothers in Arms  |       |       |       |     1 |     7 |     9 |     5 ||    22
Evoke: Wand              |       |       |       |     3 |     5 |     2 |     1 ||    11
       Lamp of fire      |       |       |       |       |       |     1 |       ||     1
       Box of beasts     |       |       |       |       |       |     1 |       ||     1
  Use: Scroll            |       |     5 |    13 |     3 |    25 |    10 |     3 ||    59
       Potion            |       |       |       |     1 |     3 |     1 |       ||     5
 Stab: Distracted        |       |       |       |       |     3 |     3 |     3 ||     9
       Petrified         |       |       |       |       |     2 |       |       ||     2
       Confused          |       |       |       |       |       |     1 |       ||     1
  Eat: Chunk             |     1 |    11 |    15 |     8 |    30 |    18 |    10 ||    93
       Fruit             |       |       |     3 |       |     1 |       |       ||     4
       Meat ration       |       |       |     1 |     3 |     1 |     6 |     2 ||    13
       Royal jelly       |       |       |       |       |     7 |     4 |     1 ||    12
       Bread ration      |       |       |       |       |       |       |     2 ||     2
Armor: Animal skin       |    11 |       |       |       |       |       |       ||    11
       Skin              |    15 |       |       |       |       |       |       ||    15
       Chain mail        |     9 |   106 |   155 |    59 |       |       |       ||   329
       Plate armour      |       |       |       |   223 |   498 |   975 |   272 ||  1968
Dodge: Dodged            |    44 |    98 |   154 |   165 |   403 |   820 |   297 ||  1981

Vault maps used:
D:1:      evilmike_arrival_hilbert_curve
D:2:      minmay_diamond_boxcup, first_bread, serial_co_window_serial,
          co_window_paths_b, co_window_paths_b, co_window_corner_a,
          co_window_paths_a, co_window_paths_a, co_window_paths_a,
          co_window_paths_b, co_window_of_opportunity_c, co_window_corner_b,
          co_window_broadway_b, co_window_of_opportunity_b,
          kennysheep_another_room, uniq_terence
D:3:      old_standard_altar, nicolae_overflow_crystal_walls,
          old_standard_altar, uniq_crazy_yiuf_cottage
D:4:      kennysheep_mini, hex_large, minmay_misc_feat_nine_boxes
D:5:      bloody_makhleb, temple_hall, serial_shops, shop, uniq_prince_ribbit1
D:6:      portal_sewer_entry_e, minmay_door_square,
          kennysheep_opposing_triangles
D:7:      bloody_trog, zin_statuary, serial_shops, shop
D:9:      minmay_lair_entry_lava, minmay_orc_entry_guard_dogs, basic_altar
D:10:     serial_shops, kennysheep_little_box, nicolae_shop_crystal,
          nicolae_shop_stone, uniq_snorg
D:11:     uniq_fannar
D:12:     serial_shops, kennysheep_mini_moat, hangedman_fish_farm,
          nicolae_dithmenos_through_a_glass_darkly, uniq_nergalle
D:14:     grunt_vaults_entry_tiered, enter_trove_6, hangedman_cracks_in_the_wall
D:15:     grunt_enter_depths_magical_seal, nicolae_gozag_seed_capital
Lair:2:   spider_nest_entry_funnel_web, serial_bayou_pond_d,
          nicolae_quartered_pool_super
Lair:3:   swamp_mist
Lair:4:   lab_entry_generic, uniq_josephine
Lair:5:   dpeg_slime_entry_enclosed_altar
Lair:6:   cheibrodos_lair_end_hotspot
Swamp:1:  hangedman_swamp_pad, swamp_pool1, infiniplex_staircase_pool
Swamp:2:  evilmike_swamp_ruin_house_4, swamp_pool1, grunt_witch_cave,
          uniq_aizul, uniq_kirke, uniq_frances
Swamp:3:  evilmike_swamp_ruin_house_6
Swamp:4:  swamp_fiery, swamp_pool3, nicolae_swamp_godswood,
          hangedman_swamp_diagram, nicolae_swamp_treefoil
Spider:1: nicolae_spider_nook, uniq_agnes
Spider:4: spider_rune_water, hangedman_stitches_earthworm
Orc:2:    st_orc_pillars, mines2_lemuel
Vaults:1: hangedman_vaults_variations, ontoclasm_vaults_chip, v_misc_27,
          hangedman_vaults_capsules, nicolae_vaults_back_hallway,
          vaults_room_door_ring, grunt_vaults_hallway_long, serial_shops,
          nicolae_shop_overgrown_old_shop
Vaults:2: hangedman_vaults_trim, v_misc_27, grunt_tower_of_power,
          hangedman_vaults_nails, v_rooms_1, v_misc_11, vaults_dpeg_doors,
          hangedman_vaults_pinch, v_misc_17, v_misc_13, vaults_dpeg_spiral,
          ontoclasm_vaults_gateway, vaults_dpeg_ring, serial_shops, shop
Vaults:3: ontoclasm_vaults_eye, minmay_crypt_entry_vampire_xt,
          nicolae_vaults_hallways_thing, v_pattern_2,
          ontoclasm_vaults_decontamination, st_lattice,
          nicolae_vaults_network_quincunx, nicolae_vaults_big_angled_halls,
          ontoclasm_vaults_hangar, nicolae_vaults_diagonal_hallway_6,
          ontoclasm_vaults_chip, nicolae_vaults_border_crossing,
          ontoclasm_vaults_shuriken, vaults_dpeg_diagonal, serial_shops, shop,
          shop, shop, shop, nicolae_shop_crystal, uniq_mennas, uniq_margery,
          uniq_asterion
Vaults:4: nicolae_vaults_rhombus_7, nicolae_vaults_sealed_display, v_misc_8,
          v_misc_28, hangedman_vaults_snaps, hangedman_vaults_trim,
          ontoclasm_vaults_twist
Depths:1: dk_noncrumbling_2, hell_entry, grunt_ministairs_3,
          hangedman_decor_peaks_small, minmay_misc_feat_plants,
          minmay_misc_feat_rugged, hangedman_glass_teeth,
          minmay_gold_behind_fungi, minmay_misc_feat_columns,
          basic_loot_grate_trap, minmay_misc_feat_ornament,
          columned_hall_lemuel, uniq_jorgrun
Lab:      nicolae_lab_x, nicolae_lab_t_cross, nicolae_lab_starburst

Table legend:
 A = Turns spent in this place as a percentage of turns spent in the entire game.
 B = Non-inter-level travel turns spent in this place as a percentage of non-inter-level travel turns spent in the entire game.
 C = Inter-level travel turns spent in this place as a percentage of turns spent in this place.
 D = Turns resting spent in this place as a percentage of non-inter-level travel turns spent in this place.
 E = Turns spent auto-exploring this place as a percentage of non-inter-level travel turns spent in this place.
 F = Non-inter-level travel turns spent in this place divided by the number of levels of this place that you've seen.
                   A       B       C       D       E      F
               +-------+-------+-------+-------+-------+----------------------
         Total | 100.0 | 100.0 |   0.6 |   5.1 |   8.9 | 330.8
       Dungeon |  31.3 |  31.2 |   0.9 |   4.6 |  12.6 | 254.5
          Lair |  12.3 |  12.3 |   0.7 |   5.7 |   9.0 | 250.5
         Swamp |   8.4 |   8.4 |   0.9 |   5.3 |   7.5 | 255.8
   Spider Nest |  17.7 |  17.7 |   0.4 |   5.7 |   5.8 | 541.0
  Orcish Mines |   6.8 |   6.8 |   0.6 |   8.5 |   9.5 | 417.0
        Vaults |  16.6 |  16.7 |   0.3 |   4.6 |   9.2 | 510.5
        Depths |   1.7 |   1.7 |   0.0 |   7.6 |   4.8 | 210.0
     Labyrinth |   5.2 |   5.3 |   0.0 |   0.0 |   0.0 | 645.0
               +-------+-------+-------+-------+-------+----------------------

Table legend:
 A = Kills in this place as a percentage of kills in entire the game.
 B = Kills by you in this place as a percentage of kills by you in the entire game.
 C = Kills by friends in this place as a percentage of kills by friends in the entire game.
 D = Other kills in this place as a percentage of other kills in the entire game.
 E = Experience gained in this place as a percentage of experience gained in the entire game.
 F = Experience gained in this place divided by the number of levels of this place that you have seen.
                   A       B       C       D       E      F
               +-------+-------+-------+-------+-------+----------------------
         Total | 100.0 | 100.0 | 100.0 | 100.0 | 100.0 | 14791.4
       Dungeon |  30.4 |  31.4 |   1.9 |   0.0 |  13.5 | 4930.8
          Lair |  12.3 |  12.4 |  11.3 |   0.0 |   9.5 | 8674.0
         Swamp |  10.0 |  10.1 |   5.7 |  33.3 |  11.2 | 15327.2
   Spider Nest |  17.6 |  17.4 |  20.8 |  33.3 |  19.7 | 26983.0
  Orcish Mines |   9.5 |   8.8 |  28.3 |   0.0 |   4.0 | 11017.5
        Vaults |  18.4 |  17.8 |  32.1 |  33.3 |  37.2 | 50853.8
        Depths |   1.7 |   1.8 |   0.0 |   0.0 |   4.5 | 24636.0
     Labyrinth |   0.2 |   0.2 |   0.0 |   0.0 |   0.4 | 1947.0
               +-------+-------+-------+-------+-------+----------------------
